 Dungeon Sprint DCSS version 0.19.1 (webtiles) character file.

4893 dvd the Severer (level 10, -3/99 HPs)
             Began as a Minotaur Fighter on Dec 12, 2016.
             Was a Priest of Uskayaw.
             Slain by a 16-headed hydra (10 damage)
             ... in the Dungeon (Sprint I: "Red Sonja").
             The game lasted 00:06:18 (1834 turns).

dvd the Severer (Minotaur Fighter)                  Turns: 1834, Time: 00:06:18

Health: -3/99      AC:  9    Str: 22    XL:     10   Next: 26%
Magic:  5/9        EV: 12    Int:  3    God:    Uskayaw [***...]
Gold:   550        SH: 13    Dex: 12    Spells: 0 memorised, 9 levels left

rFire  . . .     SeeInvis .     a - +0 war axe
rCold  . . .     Gourm    .     b - +0 scale mail
rNeg   . . .     Faith    .     c - +0 shield
rPois  .         Spirit   .     (helmet restricted)
rElec  .         Reflect  .     (no cloak)
rCorr  .         Harm     .     (no gloves)
MR     .....     NoTele   +     (no boots)
Stlth  +.........               (no amulet)
                                (no ring)
                                (no ring)

@: no status effects
A: retaliatory headbutt, horns 2, dopey 1
a: Stomp, Line Pass, Renounce Religion


You were in the Dungeon.
You worshipped Uskayaw.
Uskayaw was noncommittal.
You were not hungry.

You visited 1 branch You collected 550 gold pieces.

Inventory:

Hand Weapons
 a - a +0 war axe (weapon)
Armour
 b - a +0 scale mail (worn)
 c - a +0 shield (worn)
 l - a +0 leather armour of cold resistance
Scrolls
 k - a scroll of blinking
Potions
 d - a potion of might
 e - a potion of curing
 h - a potion of haste
 i - 2 potions of magic
 j - a potion of invisibility {unknown}
Comestibles
 f - a bread ration
 n - 2 fruits


   Skills:
 + Level 12.4 Fighting
 + Level 16.2 Axes
 + Level 13.5 Armour
 + Level 5.5 Dodging
 + Level 5.1 Stealth
 + Level 12.8 Shields


You had 9 spell levels left.
You didn't know any spells.

Dungeon Overview and Level Annotations

Branches:
Dungeon (1/1)

Altars:
Cheibriados
Dithmenos
Elyvilon
Fedhas
Gozag
Hepliaklqana
Kikubaaqudgha
Makhleb
Nemelex Xobeh
Okawaru
Qazlal
Ru
Sif Muna
Trog
Uskayaw
Vehumet
Xom
Yredelemnul
Zin
The Shining One
Jiyva
Lugonu

Shops:
D *


Innate Abilities, Weirdness & Mutations

You reflexively headbutt those who attack you in melee.
You have a pair of horns on your head.
You are dopey. (Int -2)


Message History

The helpless 14-headed hydra fails to defend itself.
You hack one of the 14-headed hydra's heads off!
The 13-headed hydra grows two more!
You slice the 15-headed hydra!!
The 15-headed hydra is heavily wounded.
The 15-headed hydra is no longer paralysed.
Aiming: Line Pass
Press: ? - help, Dir - move target cursor The 15-headed hydra appears confused.
You feel somewhat more hungry.
Unknown command.
You hack one of the 15-headed hydra's heads off!
The 14-headed hydra grows two more!
You slash the 16-headed hydra!
The 16-headed hydra is heavily wounded.
The 16-headed hydra bites you.
* * * LOW HITPOINT WARNING * * *
The 16-headed hydra bites you.
* * * LOW HITPOINT WARNING * * *
The 16-headed hydra bites you!
* * * LOW HITPOINT WARNING * * *
The 16-headed hydra bites you!
You die...

##################
.(#§.§.'§..§§§§§@#
#'#§####§.§§§##§D+
..#§# ##§§§######
..'§# ###+# )####
.§..# ..§^+ #§§§#
#§§.#


You could see a 16-headed hydra (confused).

Vanquished Creatures
  A lindwurm (D)
  A gargoyle (D)
  2 kobold demonologists (D)
  4 demonic crawlers (D)
  A slime creature (D)
  Sigmund (D)
  A yak (D)
  13 hogs (D)
  2 floating eyes (D)
  An ogre (D)
  A jelly (D)
  Ijyb (D)
29 creatures vanquished.

Notes
Turn   | Place    | Note
-------+----------+-------------------------------------------
     0 | D        | dvd the Minotaur Fighter began the quest for the Orb.
     0 | D        | Reached XP level 1. HP: 19/19 MP: 0/0
     1 | D        | Noticed Ijyb
    13 | D        | Killed Ijyb
    13 | D        | Reached skill level 3 in Axes
    13 | D        | Reached skill level 5 in Armour
    13 | D        | Reached skill level 5 in Shields
    13 | D        | Reached XP level 2. HP: 23/28 MP: 1/1
    63 | D        | Noticed an ogre
    66 | D        | Killed an ogre
    66 | D        | Reached skill level 5 in Axes
    66 | D        | Reached XP level 3. HP: 29/37 MP: 2/2
    66 | D        | Reached XP level 4. HP: 35/44 MP: 3/3
   138 | D        | Noticed Sigmund
   151 | D        | Killed Sigmund
   151 | D        | Reached skill level 7 in Axes
   151 | D        | Reached XP level 5. HP: 34/53 MP: 4/4
   151 | D        | Reached XP level 6. HP: 39/61 MP: 5/5
   268 | D        | Found a deep blue altar of Sif Muna.
   270 | D        | Found a radiant altar of Vehumet.
   298 | D        | Found Kilomap's General Store.
   298 | D        | Found an ancient bone altar of Kikubaaqudgha.
   298 | D        | Found a hazy altar of Hepliaklqana.
   298 | D        | Found a hide-covered altar of Uskayaw.
   298 | D        | Found a basalt altar of Yredelemnul.
   298 | D        | Found an opulent altar of Gozag.
   298 | D        | Found a snail-covered altar of Cheibriados.
   298 | D        | Found a sacrificial altar of Ru.
   298 | D        | Found a shadowy altar of Dithmenos.
   298 | D        | Noticed a yak
   306 | D        | Killed a yak
   306 | D        | Reached skill level 9 in Axes
   306 | D        | Reached skill level 10 in Armour
   307 | D        | Found a stormy altar of Qazlal.
   307 | D        | Found a blossoming altar of Fedhas.
   307 | D        | Found a bloodstained altar of Trog.
   307 | D        | Found an iron altar of Okawaru.
   307 | D        | Found a glowing golden altar of the Shining One.
   307 | D        | Found a glowing silver altar of Zin.
   307 | D        | Found a white marble altar of Elyvilon.
   352 | D        | Found a sparkling altar of Nemelex Xobeh.
   366 | D        | Found a viscous altar of Jiyva.
   366 | D        | Found a corrupted altar of Lugonu.
   366 | D        | Noticed a slime creature
   367 | D        | Found a burning altar of Makhleb.
   367 | D        | Found a shimmering altar of Xom.
   378 | D        | Killed a slime creature
   378 | D        | Reached skill level 10 in Axes
   378 | D        | Reached XP level 7. HP: 30/70 MP: 6/6
   579 | D        | Noticed a kobold demonologist
   580 | D        | Noticed a kobold demonologist
   582 | D        | Noticed a neqoxec
   583 | D        | Reached skill level 11 in Axes
   585 | D        | Noticed an ice devil
   590 | D        | Killed a kobold demonologist
   590 | D        | Reached skill level 10 in Fighting
   590 | D        | Reached skill level 12 in Axes
   590 | D        | Reached skill level 1 in Dodging
   590 | D        | Reached XP level 8. HP: 79/79 MP: 7/7
   596 | D        | Gained mutation: You are dopey. (Int -2) [a neqoxec]
   597 | D        | Killed a kobold demonologist
   597 | D        | Reached skill level 10 in Shields
   741 | D        | Became a worshipper of Uskayaw the Reveler
   749 | D        | Noticed a centaur warrior
   749 | D        | Noticed a centaur warrior
   773 | D        | Noticed a demonic crawler
   773 | D        | Noticed a demonic crawler
   773 | D        | Noticed a demonic crawler
   773 | D        | Noticed a demonic crawler
   774 | D        | Reached * piety under Uskayaw
   780 | D        | Reached ** piety under Uskayaw
   781 | D        | Reached *** piety under Uskayaw
   782 | D        | Reached **** piety under Uskayaw
   783 | D        | Killed a demonic crawler
   783 | D        | Reached skill level 13 in Axes
   783 | D        | Reached skill level 1 in Stealth
   784 | D        | Killed a demonic crawler
   785 | D        | Reached ***** piety under Uskayaw
   786 | D        | Killed a demonic crawler
   786 | D        | Reached skill level 14 in Axes
   786 | D        | Reached XP level 9. HP: 43/89 MP: 8/8
   786 | D        | Killed a demonic crawler
  1039 | D        | Noticed a lindwurm
  1052 | D        | Killed a lindwurm
  1219 | D        | Noticed a gargoyle
  1234 | D        | Killed a gargoyle
  1234 | D        | Reached skill level 15 in Axes
  1546 | D        | Reached skill level 5 in Dodging
  1558 | D        | Reached ****** piety under Uskayaw
  1567 | D        | Reached XP level 10. HP: 57/97 MP: 9/9
  1579 | D        | Reached skill level 16 in Axes
  1579 | D        | Reached skill level 5 in Stealth
  1826 | D        | Noticed a 12-headed hydra
  1834 | D        | Slain by a 16-headed hydra

Skill      XL: |  1  2  3  4  5  6  7  8  9 10 |
---------------+-------------------------------+-----
Fighting       | 4 6 8 9 10 11 12 | 12.4
Axes           | 3 5 7 10 12 14 15 16 | 16.2
Armour         | 5 7 9 10 11 12 13 | 13.5
Shields        | 5 6 8 9 10 12 | 12.8
Dodging        | 1 3 5 |  5.5
Stealth        | 2 4 5 |  5.1

Action                   |  1- 3 |  4- 6 |  7- 9 | 10-12 || total
-------------------------+-------+-------+-------+-------++-------
Melee: War axe           |    14 |    32 |    81 |    23 ||   150
       Headbutt          |     2 |     6 |    27 |     6 ||    41
Invok: Stomp             |       |       |     1 |       ||     1
       Line Pass         |       |       |       |     1 ||     1
  Use: Potion            |       |       |     1 |     1 ||     2
 Stab: Paralysed         |       |       |     5 |     1 ||     6
  Eat: Meat ration       |       |       |     1 |       ||     1
Armor: Scale mail        |     6 |     6 |    25 |    13 ||    50
Dodge: Dodged            |     3 |     8 |    42 |    20 ||    73
Block: Shield            |     4 |    10 |    52 |    18 ||    84
